 Dungeon Crawl Stone Soup version 0.17-a0-1210-g1e4f09d (webtiles) character file.

1062 Zwobot the Skirmisher (level 8, 0/64 HPs)
             Began as a Mummy Wanderer on June 3, 2015.
             Was an Initiate of Gozag.
             Splashed by a jelly's acid (5 damage)
             ... on level 5 of the Dungeon.
             The game lasted 00:27:33 (6992 turns).

Zwobot the Skirmisher (Mummy Wanderer)              Turns: 6992, Time: 00:27:36

Health: 0/64       AC: -15   Str: 17    XL:     8   Next: 6%
Magic:  9/9        EV: 10    Int: 13    God:    Gozag
Gold:   231        SH:  0    Dex: 15    Spells: 0 memorised, 9 levels left

rFire  . . .     SeeInvis .     a - +2 short sword (venom)
rCold  + + .     Clarity  .     i - +0 plate armour
rNeg   + + +     SustAt   .     (no shield)
rPois  ∞         Gourm    .     (no helmet)
rElec  +         Spirit   .     (no cloak)
rCorr  +         Warding  .     (no gloves)
rMut   .         Stasis   .     r - +1 pair of boots
MR     +....                    (no amulet)
Stlth  ..........               (no ring)
                                (no ring)

@: agile, resistant, corroded equipment, flying, hasted, very quick, somewhat
resistant to hostile enchantments, extremely unstealthy
A: no food or potions, fire vulnerability, cold resistance 1, negative energy
resistance 3, torment resistance, unbreathing
a: Potion Petition, Call Merchant, Bribe Branch, Renounce Religion


You were on level 5 of the Dungeon.
You worshipped Gozag.
Gozag was noncommittal.
You were not hungry.

You visited 2 branches of the dungeon, and saw 7 of its levels.

You collected 642 gold pieces.
You spent 330 gold pieces at shops.
You paid 81 gold pieces to Gozag.

Inventory:

Hand weapons
 a - a +2 short sword of venom (weapon)
 b - a +0 long sword
 f - a +0 mace
 l - a +0 hunting sling
 o - a +0 spear
 p - a cursed -1 dagger
 t - a +2 whip of pain
 u - a +0 whip of electrocution
 x - a +0 hunting sling
Missiles
 g - 202 stones (quivered)
 m - 46 poisoned needles
Armour
 d - a +0 robe
 i - a +0 plate armour (worn)
 j - a +0 scale mail
 r - a +1 pair of boots (worn)
 w - a +2 leather armour of poison resistance
Magical devices
 y - a wand of slowing (32)
 B - a wand of teleportation (6)
Scrolls
 e - a scroll of fog
 h - 2 scrolls of remove curse
 k - a scroll of noise
 n - 2 scrolls of amnesia
 q - a scroll of enchant weapon
 v - a scroll of blinking
 z - a scroll of teleportation {unknown}
 A - a scroll of recharging {unknown}
Books
 c - the Compendium of Translocation

   Spells                             Type                      Level
   a - Apportation                    Translocation                1
   b - Gell's Gravitas                Hexes/Translocation          3
 s - Lehudib's Incunabulum of Attacks and Envenoming

   Spells                             Type                      Level
   a - Sting                          Conjuration/Poison           1
   b - Mephitic Cloud                 Conjuration/Poison/Air       3


   Skills:
 + Level 6.1 Fighting
 - Level 1.5(1.7) Short Blades
 - Level 0.8(1.3) Long Blades
 * Level 3.5 Maces & Flails
 - Level 1.0 Throwing
 * Level 4.8 Armour
   Level 1.0 Shields
 - Level 1.0 Spellcasting
   Level 1.0 Hexes
   Level 1.0 Summonings


You had 9 spell levels left.
You didn't know any spells.

Dungeon Overview and Level Annotations

Branches:
Dungeon (6/15)             Temple (1/1) D:6

Altars:
Ashenzari
Cheibriados
Dithmenos
Elyvilon
Fedhas
Gozag
Kikubaaqudgha
Makhleb
Okawaru
Qazlal
Sif Muna
Trog
Xom
Yredelemnul
The Shining One

Shops:
D:5 }

Annotations:
D:3 exclusion: downstairs
D:4 exclusion: upstairs
D:5 SWAGNEMITE's ghost, experienced MiFi
D:6 MordorOrchid's ghost, experienced DEFE


Innate Abilities, Weirdness & Mutations

You do not eat or drink.
Your flesh is vulnerable to fire.
You are immune to poison.
Your flesh is cold resistant.
You are immune to negative energy.
You are immune to unholy pain and torment.
You can survive without breathing.


Message History

* * * LOW HITPOINT WARNING * * *
The jelly is almost dead.
The jelly hits you.
* * * LOW HITPOINT WARNING * * *
You are splashed with acid!
The acid corrodes you!
The acid burns!
* * * LOW HITPOINT WARNING * * *
Use which ability? (? or * to list) [a] - 0 gold - haste and heal wounds [b] - 0 gold - resistance, invisibility and agility [c] - 0 gold - haste, agility, flight and resistance Purchase which effect?
You feel yourself speed up.
You feel agile all of a sudden.
You feel very buoyant.
You fly up into the air.
You feel protected. The jelly hits you.
* * * LOW HITPOINT WARNING * * *
You are splashed with acid!
The acid burns!
You resist.
You die...
Your body crumbles into a pile of gold.

####.# #.# #....##### #.##
#######.##.## ### ###..# ##.#
##....### #.## ##..##. #..#
#.#....#####.###.##### ##.##
#.###....###....## # ###..#
#..####........## ....##
##...####......## .....#
##.....@J##.....## .....##
##................## #
......###...##.............## #
#...........##..............#####
###..........................##..
##.............................
#.............................
##.............................
#..#.......########.....)......


You could see a jelly.

Vanquished Creatures
  Duvessa (D:4)
  An ogre (D:5)
  A centaur (D:6)
  Dowan (D:4)
  A scorpion (D:3)
  3 jellies (D:5)
  A giant frog zombie (D:5)
  2 orc priests
  A hound (D:4)
  4 orc wizards
  4 worker ants
  An iguana (D:4)
  10 adders
  2 oozes
  5 giant geckos
  19 orcs
  19 bats
  A bat zombie (D:4)
  14 goblins
  8 hobgoblins
  5 jackals
  10 kobolds
  2 quokkas
  7 giant cockroaches
  8 giant newts
  8 rats
139 creatures vanquished.

Notes
Turn   | Place    | Note
--------------------------------------------------------------
     0 | D:1      | Zwobot the Mummy Wanderer began the quest for the Orb.
     0 | D:1      | Zwobot set off with: a +2 short sword, Lehudib's Incunabulum of Attacks and Envenoming, the Compendium of Translocation, a +0 robe
     0 | D:1      | Reached XP level 1. HP: 18/18 MP: 2/2
     0 | D:1      | Identified Lehudib's Incunabulum of Attacks and Envenoming
     0 | D:1      | Identified the Compendium of Translocation
   379 | D:1      | Reached XP level 2. HP: 24/24 MP: 3/3
  1005 | D:1      | Reached XP level 3. HP: 30/30 MP: 4/4
  1068 | D:1      | Reached skill level 1 in Armour
  1116 | D:2      | Reached skill level 4 in Fighting
  1603 | D:2      | Found a stormy altar of Qazlal.
  1622 | D:2      | Noticed a water elemental
  1622 | D:2      | Noticed a fire elemental
  1623 | D:2      | Noticed an earth elemental
  1623 | D:2      | Noticed an air elemental
  1828 | D:2      | Found a shimmering altar of Xom.
  2019 | D:3      | Reached XP level 4. HP: 29/38 MP: 5/5
  2543 | D:3      | Found a burning altar of Makhleb.
  2599 | D:3      | Found a glowing golden altar of the Shining One.
  2600 | D:3      | Found a basalt altar of Yredelemnul.
  2600 | D:3      | Found a snail-covered altar of Cheibriados.
  3501 | D:4      | Noticed an ogre
  3660 | D:3      | Reached XP level 5. HP: 41/43 MP: 6/6
  3732 | D:4      | Reached skill level 5 in Fighting
  3803 | D:3      | Noticed an ogre
  3803 | D:3      | Found a burning altar of Makhleb.
  4135 | D:5      | Entered Level 5 of the Dungeon
  4142 | D:5      | Noticed Duvessa
  4142 | D:5      | Noticed Dowan
  4233 | D:5      | Reached XP level 6. HP: 32/51 MP: 7/7
  4489 | D:6      | Found a staircase to the Ecumenical Temple.
  4498 | Temple   | Entered the Ecumenical Temple
  4512 | Temple   | Became a worshipper of Gozag Ym Sagoz the Greedy
  4579 | D:6      | Reached skill level 1 in Maces & Flails
  4598 | D:6      | Found a shadowy altar of Dithmenos.
  4657 | D:6      | Noticed MordorOrchid's ghost (experienced DEFE)
  4882 | D:4      | Killed Duvessa
  4882 | D:4      | Reached XP level 7. HP: 39/57 MP: 8/8
  5173 | D:4      | Found a bloodstained altar of Trog.
  5729 | D:5      | Noticed an ogre
  5890 | D:5      | Noticed SWAGNEMITE's ghost (experienced MiFi)
  5941 | D:4      | Killed Dowan
  6274 | D:5      | Killed an ogre
  6274 | D:5      | Reached skill level 6 in Fighting
  6644 | D:5      | Reached XP level 8. HP: 45/64 MP: 9/9
  6876 | D:5      | Found Weweq's Gadget Boutique.
  6916 | D:5      | Bought a wand of teleportation (6) for 330 gold pieces
  6992 | D:5      | Splashed by a jelly's acid

Vault maps used:
D:1:      onia_arrival_mini_maze, hangedman_decor_points, minivault_23,
          serial_bayou_pond_d
D:2:      lemuel_doored_altar, first_bread, nicolae_qazlal_style_of_elements
D:3:      lemuel_upstairs_altar, grunt_temple_overflow_open,
          kennysheep_cross_room
D:4:      kennysheep_goblin_castle, lemuel_coloured_pillars_altar
D:5:      kennysheep_windowed_goal, uniq_duvessa
D:6:      minmay_temple_entry_poolview, nicolae_dithmenos_through_a_glass_darkly
Temple:   circular_temple_12

Action                   |  1- 3 |  4- 6 |  7- 9 || total
-------------------------+-------+-------+-------++-------
Melee: Short sword       |   133 |    50 |    45 ||   228
       Long sword        |       |    72 |       ||    72
       Whip              |       |   102 |   175 ||   277
Throw: Stone             |     3 |       |       ||     3
Invok: Potion Petition   |       |       |     1 ||     1
Evoke: Wand              |       |       |     1 ||     1
  Use: Scroll            |     5 |     2 |     1 ||     8
 Stab: Distracted        |       |       |     1 ||     1
